 Dungeon Crawl Stone Soup version 0.25-a0-857-g60a0bcd8b5 (webtiles) character file.

Game seed: 12595057785444612957, levelgen mode: deterministic

63 tilp the Bolt Thrower (level 4, -3/25 HPs)
             Began as a Kobold Arcane Marksman on Apr 26, 2020.
             Slain by Robin
             ... wielding a +0 mace of protection
              (7 damage)
             ... on level 2 of the Dungeon.
             The game lasted 00:04:03 (1703 turns).

tilp the Bolt Thrower (Kobold Arcane Marksman)      Turns: 1703, Time: 00:04:04

Health: -3/25      AC:  3    Str:  8    XL:     4   Next: 31%
Magic:  3/5        EV: 14    Int: 14    God:
Gold:   125        SH:  0    Dex: 15    Spells: 4/5 levels left

rFire    . . .     SeeInvis .   a - +0 hand crossbow
rCold    . . .     Gourm    .   (shield restricted)
rNeg     . . .     Faith    .   f - +0 leather armour
rPois    .         Spirit   .   (no helmet)
rElec    .         Reflect  .   (no cloak)
rCorr    .         Harm     .   (no gloves)
MR       .....                  (no boots)
Stlth    +.........             (no amulet)
HPRegen  0.08/turn              (no ring)
MPRegen  0.09/turn              (no ring)

@: very slightly contaminated
A: small, carnivore
a: no special abilities


You were on level 2 of the Dungeon.
You were very full.

You visited 1 branch of the dungeon, and saw 2 of its levels.

You collected 125 gold pieces.

Inventory:

Hand Weapons
 a - a +0 hand crossbow (weapon)
 b - a +0 spear
 g - a +0 hand axe
Missiles
 d - 15 bolts (quivered)
Armour
 f - a +0 leather armour (worn)
Scrolls
 e - 2 scrolls of identify
 i - 3 scrolls of remove curse
 j - a scroll of teleportation {unknown}
 k - a scroll of immolation {unknown}
Comestibles
 c - 5 rations
 h - 2 chunks of flesh


   Skills:
 - Level 1.1 Fighting
 + Level 5.2 Crossbows
 - Level 2.4 Dodging
 - Level 1.1 Spellcasting
 - Level 3.0 Hexes


You had 4 spell levels left.
You knew the following spells:

 Your Spells              Type           Power        Failure   Level  Hunger
a - Corona                Hex            #......      11%         1    ##.....

Your spell library contained the following spells:

 Spells                   Type           Power        Failure   Level  Hunger
 Slow                     Hex            #.......     17%         2    ###....
 Inner Flame              Hex/Fire       #.......     52%         3    ####...
 Portal Projectile        Hex/Tloc       #.....       52%         3    ####...
 Cause Fear               Hex            #.........   73%         4    #####..
 Leda's Liquefaction      Hex/Erth       #.........   90%         4    #####..


Dungeon Overview and Level Annotations

Branches:
Dungeon (2/15)

Altars:

Annotations:
D:2 Natasha, Robin


Innate Abilities, Weirdness & Mutations

You are small and have problems with some larger weapons.
You are carnivorous and can eat meat at any time.


Message History

The goblin goes into a battle-frenzy!
That item cannot be evoked!
Unknown command.
Firing (i - inventory)
d - 17 bolts (quivered)
Press: ? - help, Shift-Dir - straight line, f/p - Robin
Aim: Robin, wielding a +0 mace of protection, wearing a +2 animal skin and wearing a +0 helmet (softly glowing)
You shoot a bolt. The bolt hits Robin.
Robin is lightly wounded.
A hobgoblin comes into view.
Robin hits you with a +0 mace of protection.
* * * LOW HITPOINT WARNING * * *
Firing (i - inventory)
d - 16 bolts (quivered)
Press: ? - help, Shift-Dir - straight line, f/p - Robin
Aim: Robin, wielding a +0 mace of protection, wearing a +2 animal skin and wearing a +0 helmet (lightly wounded, softly glowing)
You shoot a bolt. The bolt hits Robin but does no damage.
Robin is lightly wounded.
Robin stops glowing.
Robin says, "Bow before me, strongest of all the hobgoblins!"
Robin hits you with a +0 mace of protection!
You die...

#.# ###.#.###### #.#
#.#....).. #.# #.########
..#.# #.........
.###########.#.############
.....g)g.?...#... .
############.#..#### ..
#.###g#..... $. #..@gg#..(#
.. #.###.#...# h..
#####.#####...###.#.
#......)............
#.###.######.####.#. #.#
#.# #........# #.#
#.####.#.###..### ## #.#
#......#......... ..
#.######################


You could see Robin, a hobgoblin and a goblin.

Vanquished Creatures
  2 adders (D:2)
  A worm (D:2)
  A dart slug (D:1)
  A leopard gecko (D:2)
  4 giant cockroaches
  10 goblins
  6 hobgoblins
  3 kobolds
  A ball python (D:1)
  2 bats (D:1)
  2 frilled lizards (D:1)
  5 rats (D:1)
38 creatures vanquished.

Notes
Turn   | Place    | Note
-------+----------+-------------------------------------------
     0 | D:1      | tilp the Kobold Arcane Marksman began the quest for the
                  | Orb.
     0 | D:1      | Reached XP level 1. HP: 12/12 MP: 2/2
    70 | D:1      | Reached skill level 3 in Crossbows
   131 | D:1      | Reached XP level 2. HP: 16/16 MP: 3/3
   683 | D:1      | Reached skill level 4 in Crossbows
   683 | D:1      | Reached XP level 3. HP: 20/20 MP: 4/4
  1387 | D:2      | Reached XP level 4. HP: 24/25 MP: 5/5
  1481 | D:2      | Reached skill level 5 in Crossbows
  1536 | D:2      | Noticed Natasha
  1679 | D:2      | Noticed Robin
  1703 | D:2      | Slain by Robin

Levels and vault maps discovered:
D:1:      shiori_arrival_maze, layout_basic
D:2:      minmay_angry_zag, layout_basic, uniq_natasha, uniq_robin

Skill      XL: |  1  2  3  4 |
---------------+-------------+-----
Crossbows      | 3 4 5 |  5.2
Fighting       | |  1.1
Dodging        | |  2.4
Spellcasting   | |  1.1
Hexes          | |  3.0

Action                   |  1- 3 |  4- 6 || total
-------------------------+-------+-------++-------
Melee: Short sword       |    21 |       ||    21
       Spear             |    56 |    29 ||    85
 Fire: Hand crossbow     |    13 |     9 ||    22
 Cast: Corona            |    10 |     7 ||    17
  Use: Scroll            |     1 |       ||     1
 Stab: Sleeping          |     1 |       ||     1
  Eat: Chunk             |    10 |     1 ||    11
Armor: Leather armour    |    14 |     6 ||    20
Dodge: Dodged            |    50 |    16 ||    66

Table legend:
 A = Non-vault XP
 B = Vault XP
 C = Vault XP percentage of total XP
 D = Non-vault monster count
 E = Vault monster count
 F = Vault count percentage of total count
                 A         B        C        D         E       F
            +---------+---------+-------+---------+---------+-------
      Total |      82 |       9 |   9.9 |      33 |       5 |  13.2
            +---------+---------+-------+---------+---------+-------
        D:1 |      37 |       4 |   9.8 |      23 |       2 |   8.0
        D:2 |      45 |       5 |  10.0 |      10 |       3 |  23.1
            +---------+---------+-------+---------+---------+-------
